 Dungeon Crawl Stone Soup version 0.25.1-3-ge44b62a0b3 (webtiles) character file.

Game seed: 1532809393590206484

345 Erymatos the Chopper (level 6, 0/84 HPs)
             Began as a Minotaur Berserker on Nov 20, 2020.
             Was a Believer of Trog.
             Succumbed to an orc wizard's poison
             ... on level 4 of the Dungeon.
             The game lasted 00:02:35 (3175 turns).

Erymatos the Chopper (Minotaur Berserker)           Turns: 3175, Time: 00:02:35

Health: 0/84       AC:  2    Str: 23    XL:     6   Next: 32%
Magic:  5/5        EV: 13    Int:  4    God:    Trog [**....]
Gold:   119        SH:  0    Dex: 10    Spells: 5/5 levels left

rFire    . . .     SeeInvis .   a - +0 hand axe
rCold    . . .     Gourm    .   (no shield)
rNeg     . . .     Faith    .   b - +0 animal skin
rPois    .         Spirit   .   (helmet restricted)
rElec    .         Reflect  .   (no cloak)
rCorr    .         Harm     .   (no gloves)
MR       .....                  (no boots)
Stlth    ..........             (no amulet)
HPRegen  0.24/turn              (no ring)
MPRegen  0.09/turn              (no ring)

@: berserking, lethally poisoned (0 -> -39), very quick
A: retaliatory headbutt, horns 2
a: Berserk, Trog's Hand, Renounce Religion


You were on level 4 of the Dungeon.
You worshipped Trog.
Trog was pleased with you.
You were hungry.

You visited 1 branch of the dungeon, and saw 4 of its levels.

You collected 119 gold pieces.

Inventory:

Hand Weapons
 a - a +0 hand axe (weapon)
Armour
 b - a +0 animal skin (worn)
Scrolls
 d - 2 scrolls of fear {unknown}
 f - 7 scrolls of identify {unknown}
 i - 2 scrolls of magic mapping {unknown}
 j - a scroll of remove curse {unknown}
 k - a scroll of amnesia {unknown}
 o - 2 scrolls of enchant armour {unknown}
 p - a scroll of immolation {unknown}
 q - a scroll of teleportation {unknown}
Potions
 e - a potion of ambrosia {unknown}
 g - a potion of brilliance {unknown}
 h - 2 potions of curing {unknown}
 l - a potion of lignification {unknown}
 m - a potion of heal wounds {unknown}
 n - a potion of haste
Comestibles
 c - 2 rations
 r - 3 chunks of flesh


   Skills:
 + Level 5.3 Fighting
 + Level 6.6 Axes
 + Level 2.6 Armour
 + Level 3.8 Dodging


You had 5 spell levels left.
You didn't know any spells.
Your spell library was empty.

Dungeon Overview and Level Annotations

Branches:
Dungeon (4/15)
 Temple: D:4-7

Altars:
Qazlal
Xom

Shops:
D:4 %


Innate Abilities, Weirdness & Mutations

You reflexively headbutt those who attack you in melee.
You have a pair of horns on your head.


Message History

* * * LOW HITPOINT WARNING * * *
You feel very sick. Something hits you but does no damage.
You are more poisoned.
You closely miss something.
* * * LOW HITPOINT WARNING * * *
You feel very sick.
You hear some strange, mumbled words.
A magic dart appears from out of thin air!
The magic dart hits you!
* * * LOW HITPOINT WARNING * * *
A red film seems to cover your vision as you go berserk!
You feel yourself moving faster!
You feel mighty!
You are feeling hungry.
* * * LOW HITPOINT WARNING * * *
You feel very sick. Something hits you.
* * * LOW HITPOINT WARNING * * *
You barely miss something.
You die...

###........ ##..#
#....###. #...
##.#### . #...
#..# #..# #..#
#..# #..#
#######..# #..#
......{..# ##.##
...?..)@.## #.)#
....####..####..#
. #...##...#
##.......#
##...#..#
#...##....
....###.....
.....# ##.....
.......# ##...


There were no monsters in sight!

Vanquished Creatures
  A wyvern zombie (D:4)
  A scorpion (D:4)
  4 crimson imps (D:3)
  Robin (D:4)
  A worm (D:3)
  2 dart slugs (D:2)
  5 orcs (D:4)
  2 ball pythons
  3 giant cockroaches
  11 hobgoblins
  7 jackals
  6 kobolds
  A quokka (D:3)
  4 bats
  4 frilled lizards
  17 goblins
  A jackal skeleton (D:4)
  A leopard gecko skeleton (D:4)
  8 rats
80 creatures vanquished.

Notes
Turn   | Place    | Note
-------+----------+-------------------------------------------
     0 | D:1      | Erymatos the Minotaur Berserker began the quest for the
                  | Orb.
     0 | D:1      | Reached XP level 1. HP: 19/19 MP: 0/0
   135 | D:1      | Reached XP level 2. HP: 9/27 MP: 1/1
   902 | D:2      | Reached skill level 4 in Axes
  1210 | D:2      | Reached XP level 3. HP: 33/34 MP: 2/2
  1302 | D:2      | Reached ** piety under Trog
  1745 | D:3      | Found a stormy altar of Qazlal.
  2211 | D:3      | Found a shimmering altar of Xom.
  2221 | D:3      | Reached skill level 5 in Axes
  2221 | D:3      | Reached XP level 4. HP: 32/41 MP: 3/3
  2232 | D:3      | Reached skill level 5 in Fighting
  2232 | D:3      | Reached XP level 5. HP: 24/48 MP: 4/4
  2245 | D:3      | Paralysed by a crimson imp for 2 turns
  2610 | D:4      | Reached skill level 6 in Axes
  2893 | D:4      | Reached XP level 6. HP: 51/56 MP: 5/5
  2964 | D:4      | Noticed Robin
  2973 | D:4      | Killed Robin
  2993 | D:4      | Found Nusuaral's Food Emporium.
  3174 | D:4      | HP: 4/84 [poisoned by an orc wizard]
  3175 | D:4      | Succumbed to an orc wizard's poison

Illustrated notes

Levels and vault maps discovered:
D:1:      tarquinn_simple_flora_water_b, layout_basic, kennysheep_flooded_box
D:2:      layout_loops_ring
D:3:      layout_rooms, old_standard_altar, first_ration, eino_curves_01,
          led_xom_imps
D:4:      layout_layer_cave, grunt_temple_overflow_growth_and_decay,
          serial_shops, shop, uniq_robin

Skill      XL: |  1  2  3  4  5 |
---------------+----------------+-----
Fighting       | 4 5 |  5.3
Axes           | 4 5 6 |  6.6
Dodging        | 3 |  3.8
Armour         | |  2.6

Action                   |  1- 3 |  4- 6 || total
-------------------------+-------+-------++-------
Melee: Hand axe          |   109 |    80 ||   189
       Headbutt          |    18 |     9 ||    27
Invok: Berserk           |     1 |     2 ||     3
  Eat: Chunk             |     5 |     4 ||     9
Armor: Animal skin       |    12 |    16 ||    28
Dodge: Dodged            |    86 |    37 ||   123
